 Dungeon Crawl Stone Soup version 0.29.1-13-g9f3cf754e1 (webtiles) character file.

Game seed: 15793340013400233995

1158 croobank the Trooper (level 8, -5/67 HPs)
             Began as a Gnoll Abyssal Knight on Jan 27, 2023.
             Was an Elder of Lugonu.
             Slain by an orc warrior
             ... wielding a +0 mace
              (19 damage)
             ... on level 6 of the Dungeon.
             The game lasted 00:12:55 (6536 turns).

croobank the Trooper (Gnoll Abyssal Knight)         Turns: 6536, Time: 00:12:55

Health: -5/67      AC:  3    Str: 14    XL:     8   Next: 39%
Magic:  11/13      EV: 13    Int: 11    God:    Lugonu [****..]
Gold:   286        SH:  0    Dex: 12    Spells: 10/13 levels left

rFire   . . .      SeeInvis .   n - +3 hand axe (vamp)
rCold   . . .      Faith    +   (no shield)
rNeg    . . .      Spirit   .   b - +0 leather armour
rPois   .          Reflect  .   (no helmet)
rElec   .          Harm     .   (no cloak)
rCorr   +          Rampage  .   (no gloves)
Will    .....                   (no boots)
Stlth   ++........              w - amulet of faith
HPRegen 0.21/turn               B - ring of resist corrosion
MPRegen 0.13/turn               (no ring)

@: mighty
A: fangs 1, strong nose, distributed training
a: Renounce Religion, Depart the Abyss, Bend Space, Banish, Corrupt


You were on level 6 of the Dungeon.
You worshipped Lugonu.
Lugonu was greatly pleased with you.
You visited 1 branch of the dungeon, and saw 7 of its levels.
You visited the Abyss 1 time.

You collected 286 gold pieces.

Inventory:

Hand Weapons
 a - a +1 hand axe
 n - a +3 vampiric hand axe (weapon)
 x - a +4 glaive
Missiles
 l - 8 boomerangs
 o - 6 atropa-tipped darts (quivered)
 z - 6 silver javelins
Armour
 b - a +0 leather armour (worn)
Jewellery
 w - an amulet of faith (around neck)
 B - a ring of resist corrosion (left hand)
Wands
 u - a wand of flame (6)
Scrolls
 d - a scroll of enchant armour {unknown}
 i - 2 scrolls of enchant weapon {unknown}
 j - 3 scrolls of noise {unknown}
 q - 2 scrolls of vulnerability {unknown}
 s - 4 scrolls of fear {unknown}
 v - a scroll of summoning {unknown}
 y - 3 scrolls of magic mapping {unknown}
 A - a scroll of immolation {unknown}
Potions
 c - a potion of flight
 e - 3 potions of magic
 f - 2 potions of heal wounds
 h - a potion of might
 k - 2 potions of attraction
 m - a potion of lignification
 p - 2 potions of brilliance {unknown}
 r - a potion of cancellation {unknown}
 t - 3 potions of curing {unknown}


   Skills:
 + Level 7.4 Fighting
 + Level 3.3 Short Blades
 + Level 3.3 Long Blades
 + Level 5.7 Axes
 + Level 3.3 Maces & Flails
 + Level 3.3 Polearms
 + Level 3.3 Staves
 + Level 3.3 Ranged Weapons
 + Level 3.3 Throwing
 + Level 5.7 Armour
 + Level 4.3 Dodging
 + Level 3.3 Stealth
 + Level 3.3 Shields
 + Level 3.3 Unarmed Combat
 + Level 3.3 Spellcasting
 + Level 2.7 Conjurations
 + Level 2.7 Hexes
 + Level 2.7 Summonings
 + Level 2.7 Necromancy
 + Level 2.7 Translocations
 + Level 2.7 Transmutations
 + Level 2.7 Fire Magic
 + Level 2.7 Ice Magic
 + Level 2.7 Air Magic
 + Level 2.7 Earth Magic
 + Level 2.7 Poison Magic
 + Level 6.0 Invocations
 + Level 3.3 Evocations


You had 10 spell levels left.
You knew the following spells:

 Your Spells              Type           Power      Damage    Failure   Level
a - Magic Dart            Conj           28%        1d4       10%         1
b - Searing Ray           Conj           14%        2d5       16%         2

Your spell library contained the following spells:

 Spells                   Type           Power      Damage    Failure   Level
 Slow                     Hex            28%        N/A       10%         1
 Confusing Touch          Hex            7%         N/A       30%         3
 Vampiric Draining        Necr           7%         2d6       30%         3
 Fulminant Prism          Conj/Hex       3%         3d6       69%         4
 Iskenderun's Battlesphe  Conj           7%         2d6       95%         5
 Iron Shot                Conj/Erth      3%         9d2       100%        6
 Spellforged Servitor     Conj/Summ      3%         N/A       100%        7


Dungeon Overview and Level Annotations

Branches:
Dungeon (7/15)             Temple (0/1) D:5

Altars:
Gozag
Nemelex Xobeh
Qazlal
Wu Jian

Shops:
D:3 (


Innate Abilities, Weirdness & Mutations

You have very sharp teeth.
Your uncanny sense of smell can sniff out nearby items.
Your experience applies equally to all skills.


Message History

Space bends violently around you!
You blink.
Aiming: Throw Flame
Press: ? - help, Shift-Dir - straight line, f/p - Menkaure
Aim: Menkaure (translocational energy, heavily damaged, 86% to hit)
The puff of flame hits Menkaure!
Menkaure is burned terribly!
Menkaure is almost destroyed.
Aiming: Throw Flame
Press: ? - help, Shift-Dir - straight line, f/p - Menkaure
Aim: Menkaure (almost destroyed, 86% to hit)
The puff of flame hits Menkaure!
Menkaure is burned terribly!
You destroy Menkaure!
Lugonu accepts your kill.
The gnoll throws a throwing net.
The throwing net hits you.
You become entangled in the net!
Your Invocations skill increases to level 6!
You struggle against the net.
You struggle against the net.
You struggle against the net.
You rip the net and break free!
The gnoll hits you with a +0 whip.
* * * LOW HITPOINT WARNING * * *
The gnoll sergeant hits you from afar with a +0 trident.
* * * LOW HITPOINT WARNING * * *
Okay, then.
Space bends violently around you!
You blink.
Found a stone staircase leading down.
Found a scroll labelled QIPLEH ZIGREIJ.
There is a stone staircase leading down here.
You climb downwards.
You hear the roar of battle.
There is an entrance to a bailey on this level.
Hurry and find it before the portal closes forever!
Reactivating autopickup.
The orc warrior shouts!
The orc shouts!
The orc wizard shouts!
There is a stone staircase leading up here.
The orc warrior barely misses you. The orc misses you.
You climb upwards.
The gnoll closely misses you.
There is a stone staircase leading down here.
You feel very mighty all of a sudden. The gnoll closely misses you.
The orc warrior hits you with a +0 mace!!
You die...

##.# .ยง #g.#
........ #.##
........ #g#
#....... #g#
+..?.... #.#
#..... #.####
#...
#..go#####g####
####o.g.go@o..#
############


You could see an orc warrior, a gnoll sergeant, an orc wizard, 3 gnolls and 2
orcs.

Vanquished Creatures
  Menkaure (D:6)
  A black bear (D:4)
  An ice beast (D:5)
  An ogre (D:5)
  3 scorpions
  A necrophage (D:4)
  2 howler monkeys
  3 hounds
  2 jellies
  An orc priest (D:4)
  Terence (D:3)
  2 iguanas (D:5)
  8 adders
  A shadow imp (D:6)
  An ufetubus (D:6)
  2 worms (D:4)
  13 dart slugs
  13 orcs
  2 bats
  7 endoplasms
  7 giant cockroaches
  8 goblins
  6 hobgoblins
  3 jackals (D:1)
  2 quokkas
  3 ball pythons
  6 kobolds
  3 rats
104 creatures vanquished.

Notes
Turn   | Place    | Note
-------+----------+-------------------------------------------
     0 | Abyss:1  | croobank the Gnoll Abyssal Knight began the quest for the
                  | Orb.
     0 | Abyss:1  | Reached XP level 1. HP: 23/23 MP: 3/3
     1 | Abyss:1  | Found a corrupted altar of Lugonu.
    14 | D:1      | Escaped the Abyss
   246 | D:1      | Reached XP level 2. HP: 29/29 MP: 5/5
   621 | D:1      | Reached XP level 3. HP: 32/35 MP: 6/6
  1178 | D:2      | Reached *** piety under Lugonu
  1343 | D:2      | Reached skill level 1 in Short Blades
  1343 | D:2      | Reached skill level 1 in Long Blades
  1343 | D:2      | Reached skill level 1 in Maces & Flails
  1343 | D:2      | Reached skill level 1 in Polearms
  1343 | D:2      | Reached skill level 1 in Staves
  1343 | D:2      | Reached skill level 1 in Ranged Weapons
  1343 | D:2      | Reached skill level 1 in Throwing
  1343 | D:2      | Reached skill level 1 in Stealth
  1343 | D:2      | Reached skill level 1 in Shields
  1343 | D:2      | Reached skill level 1 in Unarmed Combat
  1343 | D:2      | Reached skill level 1 in Spellcasting
  1343 | D:2      | Reached skill level 1 in Evocations
  1629 | D:2      | Reached XP level 4. HP: 41/41 MP: 7/7
  2187 | D:3      | Reached skill level 1 in Conjurations
  2187 | D:3      | Reached skill level 1 in Hexes
  2187 | D:3      | Reached skill level 1 in Summonings
  2187 | D:3      | Reached skill level 1 in Necromancy
  2187 | D:3      | Reached skill level 1 in Translocations
  2187 | D:3      | Reached skill level 1 in Transmutations
  2187 | D:3      | Reached skill level 1 in Fire Magic
  2187 | D:3      | Reached skill level 1 in Ice Magic
  2187 | D:3      | Reached skill level 1 in Air Magic
  2187 | D:3      | Reached skill level 1 in Earth Magic
  2187 | D:3      | Reached skill level 1 in Poison Magic
  2389 | D:3      | Found Ceven's Antique Weapon Shop.
  2526 | D:3      | Reached XP level 5. HP: 42/47 MP: 8/8
  2602 | D:3      | Found an opulent altar of Gozag.
  2666 | D:3      | Noticed Terence
  2677 | D:3      | Killed Terence
  3002 | D:3      | Learned a level 1 spell: Magic Dart
  3005 | D:3      | Learned a level 2 spell: Searing Ray
  3163 | D:4      | Reached skill level 5 in Invocations
  3270 | D:4      | Reached XP level 6. HP: 53/53 MP: 2/9
  3378 | D:4      | Reached skill level 5 in Axes
  3378 | D:4      | Reached skill level 5 in Armour
  4148 | D:4      | Noticed a black bear
  4166 | D:5      | Entered Level 5 of the Dungeon
  4195 | D:5      | Reached **** piety under Lugonu
  4217 | D:5      | Reached XP level 7. HP: 54/59 MP: 6/10
  4225 | D:5      | Reached skill level 7 in Fighting
  5482 | D:5      | Found a staircase to the Ecumenical Temple.
  5735 | D:4      | Reached XP level 8. HP: 67/67 MP: 12/12
  6179 | D:4      | Found an ornate altar of the Wu Jian Council.
  6239 | D:4      | Found a sparkling altar of Nemelex Xobeh.
  6435 | D:6      | Found a stormy altar of Qazlal.
  6489 | D:6      | Noticed Menkaure
  6496 | D:6      | Killed Menkaure
  6536 | D:6      | Slain by an orc warrior

Illustrated notes

Levels and vault maps discovered:
D:1:      dpeg_arrival_signposts, layout_loops_ring
D:2:      layout_rooms, nicolae_concentric_dashed_squares_wild,
          hangedman_decor_push, minmay_hedge_maze
D:3:      layout_loops_ring, old_standard_altar, serial_shops,
          nicolae_shop_trees, minmay_checkerbox, uniq_terence
D:4:      layout_layer_cave, nemelex_dance_club_becter,
          nicolae_wu_jian_immortal_techniques
D:5:      kennysheep_slugbush, layout_basic,
          minmay_temple_entry_drinking_statues, nicolae_figureground_pulse
D:6:      kennysheep_big_flooded_room, layout_basic,
          nicolae_qazlal_general_emergency, nicolae_uskayaw_dance_hall,
          mainiacjoe_overflow_small_starburst, uniq_menkaure
D:7:      layout_rooms, overflow_temple_1_default, enter_bailey_2,
          uniq_crazy_yiuf_cottage, uniq_maggie

Skill      XL: |  1  2  3  4  5  6  7  8 |
---------------+-------------------------+-----
Short Blades   | 1 2 3 |  3.3
Long Blades    | 1 2 3 |  3.3
Maces & Flails | 1 2 3 |  3.3
Polearms       | 1 2 3 |  3.3
Staves         | 1 2 3 |  3.3
Ranged Weapons | 1 2 3 |  3.3
Throwing       | 1 2 3 |  3.3
Stealth        | 1 2 3 |  3.3
Shields        | 1 2 3 |  3.3
Unarmed Combat | 1 2 3 |  3.3
Spellcasting   | 1 2 3 |  3.3
Evocations     | 1 2 3 |  3.3
Conjurations   | 1 2 |  2.7
Hexes          | 1 2 |  2.7
Summonings     | 1 2 |  2.7
Necromancy     | 1 2 |  2.7
Translocations | 1 2 |  2.7
Transmutations | 1 2 |  2.7
Fire Magic     | 1 2 |  2.7
Ice Magic      | 1 2 |  2.7
Air Magic      | 1 2 |  2.7
Earth Magic    | 1 2 |  2.7
Poison Magic   | 1 2 |  2.7
Dodging        | 3 4 |  4.3
Invocations    | 5 6 |  6.0
Axes           | 5 |  5.7
Armour         | 5 |  5.7
Fighting       | 7 |  7.4

Action                   |  1- 3 |  4- 6 |  7- 9 || total
-------------------------+-------+-------+-------++-------
Melee: Hand axe          |    98 |   134 |   134 ||   366
       Bite              |     8 |    17 |    13 ||    38
       Punch             |       |     3 |     5 ||     8
 Cast: Magic Dart        |       |    10 |     4 ||    14
       Searing Ray       |       |     3 |       ||     3
Invok: Bend Space        |       |     1 |     2 ||     3
       Banish            |       |       |     1 ||     1
Evoke: Wand              |       |     2 |     2 ||     4
  Use: Scroll            |       |       |     6 ||     6
       Potion            |       |       |     1 ||     1
 Stab: Sleeping          |       |     1 |     4 ||     5
Armor: Leather armour    |    19 |    26 |    13 ||    58
Dodge: Dodged            |    68 |    96 |    78 ||   242
